 Seeded DCSS version 0.30-a0-930-gb9d0489357 (webtiles) character file.

Game seed: 7066997891792816003 (custom seed)

7 GigaChad the Shield-Bearer (level 2, 22/24 HPs)
             Began as a Formicid Fighter on Mar 23, 2023.
             Quit the game on level 1 of the Dungeon.
             The game lasted 00:00:10 (82 turns).

GigaChad the Shield-Bearer (Formicid Fighter)         Turns: 82, Time: 00:00:10

Health: 22/24      AC:  6    Str: 20    XL:     2   Next: 10%
Magic:  2/2        EV:  9    Int:  7    God:
Gold:   3          SH:  5    Dex: 13    Spells: 1/1 levels left

rFire   . . .      SeeInvis +    a - +0 war axe
rCold   . . .      Faith    .    c - +0 buckler
rNeg    . . .      Spirit   .    b - +0 scale mail
rPois   .          Reflect  .    (helmet unavailable)
rElec   .          Rampage  .    (no cloak)
rCorr   .                        (no gloves)
Will    .....                    (no boots) Stlth
                                 (no amulet)
HPRegen 0.24/turn                (no ring)
MPRegen 0.08/turn                (no ring)

@: no status effects
A: permanent stasis, dig shafts and tunnels, antennae 3, four strong arms
a: Dig, Shaft Self


You were on level 1 of the Dungeon.
You visited 1 branch of the dungeon, and saw 1 of its levels.

You collected 3 gold pieces.

Inventory:

Hand Weapons
 a - a +0 war axe (weapon)
Armour
 b - a +0 scale mail (worn)
 c - a +0 buckler (worn)
Potions
 d - a potion of might


   Skills:
 + Level 3.3 Fighting
 + Level 2.1 Axes
 + Level 3.4 Armour
 + Level 4.3 Shields


You had one spell level left.
You didn't know any spells.
Your spell library was empty.

Dungeon Overview and Level Annotations

Branches:
Dungeon (1/15)

Altars:


Innate Abilities, Weirdness & Mutations

You cannot be hasted, slowed, berserked, paralysed or teleported.
You can dig through walls and to a lower floor.
You have a pair of large antennae on your head. (SInv)
Your four strong arms can wield two-handed weapons with a shield.


Message History

You hit the ball python.
You kill the ball python!
You barely miss the giant cockroach. The bat hits you but does no damage.
The giant cockroach bites you but does no damage.
There are monsters nearby!
You barely miss the giant cockroach. The bat barely misses you.
The giant cockroach barely misses you. You block the giant cockroach's attack.
There are monsters nearby!
You hit the giant cockroach but do no damage.
The bat hits you but does no damage. The giant cockroach barely misses you.
You block the giant cockroach's attack.
There are monsters nearby!
You closely miss the bat. You closely miss the giant cockroach.
You block the bat's attack. You block the giant cockroach's attack.
The bat barely misses you. The giant cockroach bites you.
There are monsters nearby!
You hit the bat.
The bat is severely wounded.
You closely miss the giant cockroach. The bat hits you but does no damage.
The bat closely misses you. You block the giant cockroach's attack.
There are monsters nearby!
You barely miss the bat.
The bat is severely wounded.
You hit the giant cockroach. The bat hits you.
You block the giant cockroach's attack.
The giant cockroach bites you but does no damage.
The bat hits you but does no damage.
There are monsters nearby!
You hit the giant cockroach.
You kill the giant cockroach!
You closely miss the bat. The bat closely misses you.
You have reached level 2!
You closely miss the bat.
The bat is moderately wounded.
The bat hits you.
You hit the bat but do no damage. The bat hits you but does no damage.
You slash the bat!
You kill the bat!
No target in view!
Are you sure you want to abandon this character and quit the game? (Confirm with "yes".)

#........#
#...###### #
#..## .. ##..#
... #...#
....##...#
.........######
.....#†........
###)##.@†......
.......?.......
#.###..........
#. #..........
##.........
..........
#.........
#.........


There were no monsters in sight!

Vanquished Creatures
  A dart slug (D:1)
  An endoplasm (D:1)
  A giant cockroach (D:1)
  A ball python (D:1)
  2 bats (D:1)
6 creatures vanquished.

Notes
Turn   | Place    | Note
-------+----------+-------------------------------------------
     0 | D:1      | GigaChad the Formicid Fighter began the quest for the Orb.
     0 | D:1      | Reached XP level 1. HP: 18/18 MP: 1/1
    79 | D:1      | Reached XP level 2. HP: 22/24 MP: 2/2
    82 | D:1      | Quit the game

Illustrated notes

Levels and vault maps discovered:
D:1:      dpeg_arrival_tiny_d, layout_basic, serial_shops, shop, shop,
          nicolae_shop_behind_doors, shop

Action                     || total
---------------------------++-------
  Melee: War axe           ||    17
 Armour: Scale mail        ||    12
  Dodge: Dodged            ||     8
  Block: Buckler           ||     6

Table legend: (Time is in decaauts)
 A = Elapsed time spent in this place.
 B = Non-inter-level travel time spent in this place.
 C = Inter-level travel time spent in this place.
 D = Time resting spent in this place.
 E = Time spent auto-exploring this place.
 F = Levels seen in this place.
 G = Mean time per level.
                   A        B        C        D        E       F      G
               +--------+--------+--------+--------+--------+-----+--------+
         Total |     89 |     89 |      0 |      0 |     54 |   1 |   89.0 |
       Dungeon |     89 |     89 |      0 |      0 |     54 |   1 |   89.0 |
               +--------+--------+--------+--------+--------+-----+--------+

Top non-repeatable levels by time:
     D:1: 89 daAuts
